 Dungeon Crawl Stone Soup version 0.22.1-2-g9c5b331 (webtiles) character file.

98 magicm the Shooter (level 4, -1/37 HPs)
             Began as a Centaur Hunter on Nov 20, 2018.
             Slain by a jackal (3 damage)
             ... on level 3 of the Dungeon.
             The game lasted 00:06:04 (1945 turns).

magicm the Shooter (Centaur Hunter)                 Turns: 1945, Time: 00:06:06

Health: -1/37      AC:  4    Str: 15    XL:     4   Next: 43%
Magic:  4/4        EV:  9    Int: 10    God:
Gold:   51         SH:  0    Dex: 10    Spells: 3/3 levels left

rFire    . . .     SeeInvis .   b - +0 short sword
rCold    . . .     Gourm    .   (no shield)
rNeg     . . .     Faith    .   c - +0 leather armour
rPois    +         Spirit   .   (no helmet)
rElec    .         Reflect  .   (no cloak)
rCorr    .         Harm     .   (no gloves)
MR       .....                  (no barding)
Stlth    +.........             (no amulet)
HPRegen  0.12/turn              g - ring of poison resistance
MPRegen  0.09/turn              (no ring)

@: very quick
A: large, hooves 3, deformed body, speed 2, tough skin 3
a: no special abilities


You were on level 3 of the Dungeon.
You were not hungry.

You visited 1 branch of the dungeon, and saw 3 of its levels.

You collected 51 gold pieces.

Inventory:

Hand Weapons
 a - a +1 shortbow
 b - a +0 short sword (weapon)
Armour
 c - a +0 leather armour (worn)
Jewellery
 g - a ring of poison resistance (left hand)
Comestibles
 f - 2 rations


   Skills:
 + Level 2.6 Fighting
 + Level 0.8 Short Blades
 + Level 6.8 Bows
 + Level 0.7 Armour
 + Level 1.5 Dodging
 + Level 0.4 Stealth


You had 3 spell levels left.
You didn't know any spells.
Your spell library was empty.

Dungeon Overview and Level Annotations

Branches:
Dungeon (3/15)

Altars:


Innate Abilities, Weirdness & Mutations

You have hooves in place of feet.
Armour fits poorly on your strangely shaped body.
You cover ground very quickly.
You have extremely tough skin. (AC +3)


Message History

The worker ant is almost dead.
The jackal bites you but does no damage.
The worker ant closely misses you. The jackal bites you.
* * * LOW HITPOINT WARNING * * *
The jackal bites you but does no damage. x2
The worker ant barely misses you.
The jackal bites you but does no damage. x2
You hit the worker ant.
You kill the worker ant!
The jackal barely misses you. The jackal closely misses you.
The jackal bites you.
* * * LOW HITPOINT WARNING * * *
You hit the jackal but do no damage.
The jackal bites you but does no damage.
The jackal barely misses you.
The jackal bites you but does no damage.
The jackal barely misses you.
The jackal bites you but does no damage.
The jackal bites you.
You die...

#..# #.#.#....... #.#..#
#.#.#.###... #.#..#
#......?.... #.#..#
#.#...#...##
######.#..###.#...#...##
#......#..........#...##
#......#..###.....#.....
#.....h##...#.#.........
#..((hh@'.......#.#...#.
#.....h##...#.#.#.#...#.
#....(. #...#.#.#.#.....
+...... ................
#...... #####.#.###...#.
....... #####.#.###...#.
#.....# ..............#.
....$. .........##...#.
##............#.


You could see 4 jackals.

Vanquished Creatures
  A worker ant (D:3)
  An adder (D:2)
  An ooze (D:2)
  A dart slug (D:2)
  3 leopard geckos
  2 giant cockroaches
  8 goblins
  6 hobgoblins
  8 jackals
  A quokka (D:2)
  9 bats
  4 frilled lizards
  4 kobolds
  7 rats
56 creatures vanquished.

Vanquished Creatures (others)
  4 toadstools (D:1)
4 creatures vanquished.

Grand Total: 60 creatures vanquished

Notes
Turn   | Place    | Note
-------+----------+-------------------------------------------
     0 | D:1      | magicm the Centaur Hunter began the quest for the Orb.
     0 | D:1      | Reached XP level 1. HP: 17/17 MP: 1/1
   113 | D:1      | Reached XP level 2. HP: 24/24 MP: 2/2
   174 | D:1      | Reached skill level 6 in Bows
   821 | D:2      | Reached XP level 3. HP: 29/29 MP: 3/3
  1841 | D:3      | Reached XP level 4. HP: 37/37 MP: 4/4
  1945 | D:3      | Slain by a jackal

Skill      XL: |  1  2 |
---------------+-------+-----
Bows           | 6 |  6.8
Fighting       | |  2.6
Short Blades   | |  0.8
Armour         | |  0.7
Dodging        | |  1.5
Stealth        | |  0.4

Action                   |  1- 3 |  4- 6 || total
-------------------------+-------+-------++-------
Melee: Short sword       |    28 |    25 ||    53
       Kick              |     6 |     5 ||    11
 Fire: Shortbow          |   118 |     6 ||   124
  Use: Scroll            |     6 |       ||     6
  Eat: Ration            |     1 |       ||     1
Armor: Leather armour    |    16 |    27 ||    43
Dodge: Dodged            |    29 |    39 ||    68
